 Dungeon Crawl Stone Soup version 0.21.1-1-g345015fe64 (webtiles) character file.

4358 BrokenGlass the Geomancer (level 10, -13/56 HPs)
             Began as an Octopode Earth Elementalist on Feb 25, 2018.
             Shot with an arrow by a centaur (14 damage)
             ... on level 8 of the Dungeon.
             The game lasted 00:13:40 (10551 turns).

BrokenGlass the Geomancer (OpEE)                   Turns: 10551, Time: 00:13:41

Health: -13/56     AC:  1    Str:  8    XL:     10   Next: 34%
Magic:  23/23      EV: 14    Int: 25    God:
Gold:   577        SH:  0    Dex: 12    Spells: 13/27 levels left

rFire    . . .     SeeInvis .   h - +1 short sword (venom)
rCold    . . .     Gourm    .   (no shield)
rNeg     . . .     Faith    .   (helmet restricted)
rPois    .         Spirit   .   (no amulet)
rElec    .         Reflect  .   f - +4 ring of intelligence
rCorr    .         Harm     .   i - +1 ring of evasion
MR       .....                  (no ring)
Stlth    +++.......             (no ring)
HPRegen  0.18/turn              (no ring)
MPRegen  0.18/turn              (no ring)
                                (no ring)
                                (no ring)

@: invisible
A: almost no armour, stealthy swim, amphibious, 8 rings, constrict 8, camouflage
1, gelatinous body 1
a: no special abilities


You were on level 8 of the Dungeon.
You were near starving.

You visited 1 branch of the dungeon, and saw 8 of its levels.
You also visited: Sewer.

You collected 577 gold pieces.

Inventory:

Hand Weapons
 h - a +1 short sword of venom (weapon)
 F - a +0 giant club
Missiles
 b - 216 stones (quivered)
 x - a throwing net
Armour
 C - a +0 buckler
Jewellery
 f - a +4 ring of intelligence (left tentacle)
 i - a +1 ring of evasion (right tentacle)
 D - an uncursed ring of ice
 G - an uncursed ring of ice
Wands
 o - a wand of iceblast (11)
 z - a wand of enslavement (11)
 B - a wand of random effects (34)
 E - a wand of disintegration (7)
Scrolls
 g - a scroll of random uselessness {unknown}
 l - 4 scrolls of enchant armour
 m - 2 scrolls of noise {unknown}
 r - 2 scrolls of teleportation {unknown}
 u - 2 scrolls of blinking
 w - a scroll of remove curse {unknown}
Potions
 a - 2 potions of ambrosia
 e - a potion of haste
 k - 2 potions of agility
 n - 2 potions of berserk rage
 q - a potion of flight
 s - 2 potions of brilliance
 t - 6 potions of curing
 v - 2 potions of might
 A - 3 potions of mutation
Books
 d - a book of Geomancy

   Spells                             Type                      Level
   a - Sandblast                      Earth                        1
   b - Passwall                       Transmutation/Earth          2
   c - Stone Arrow                    Conjuration/Earth            3
   d - Petrify                        Transmutation/Earth          4
   e - Lee's Rapid Deconstruction     Earth                        5
 y - a book of Battle

   Spells                             Type                      Level
   a - Infusion                       Charms                       1
   b - Shroud of Golubria             Charms/Translocation         2
   c - Song of Slaying                Charms                       2
   d - Spectral Weapon                Hexes/Charms                 3
   e - Regeneration                   Charms/Necromancy            3
Comestibles
 c - 4 rations
 j - a chunk of flesh


   Skills:
 - Level 2.0 Dodging
 - Level 2.6 Stealth
 * Level 9.0 Spellcasting
 - Level 1.0 Transmutations
 * Level 11.5 Earth Magic


You had 13 spell levels left.
You knew the following spells:

 Your Spells              Type           Power        Failure   Level  Hunger
a - Sandblast             Erth           ######       1%          1    None
b - Passwall              Tmut/Erth      #####.....   1%          2    None
c - Stone Arrow           Conj/Erth      #####.       1%          3    None
d - Lee's Rapid Deconstr  Erth           ######....   1%          5    ####...
e - Regeneration          Chrm/Necr      ##........   16%         3    None


Dungeon Overview and Level Annotations

Branches:
Dungeon (8/15)             Temple (0/1) D:5
   Lair: D:8-11

Altars:
Cheibriados
Dithmenos
Elyvilon
Gozag
Ru
Sif Muna
Wu Jian
Xom


Innate Abilities, Weirdness & Mutations

You cannot wear most types of armour.
You are very stealthy in the water. (Stealth+)
You are amphibious.
You can wear up to eight rings at the same time.
You can use your tentacles to constrict eight enemies at once.
Your skin changes colour to match your surroundings (Stealth+).
Your rubbery body absorbs attacks. (AC +1, EV +1)


Message History

You see here a quokka corpse.
You butcher the quokka corpse.
j - a chunk of flesh A centaur comes into view.
It is wielding a war axe.
The black bear misses you. The black bear claws you. x2
* * * LOW HITPOINT WARNING * * *
There are monsters nearby!
The centaur shouts!
The centaur unwields an uncursed war axe.
The centaur wields a shortbow.
The centaur shoots an arrow.
The arrow hits you!
* * * LOW HITPOINT WARNING * * *
You see here an arrow.
The centaur shoots an arrow.
The arrow hits you.
* * * LOW HITPOINT WARNING * * *
You see here an arrow.
Unknown command.
Okay, then.
You fade into invisibility!
The centaur shoots an arrow.
The arrow hits you!
You die...

#..#.## #.....#
#..c..##.#.....##
#.......#......#
#....####......#
#..>...........#
#.....####.....#
#.....# ....#
#..h..#### ...#
#.@.#...... ...
#.###...... .#
#........... .
#...........
#.#####...#. #.#
.#.# #.# ..# ###


You could see a black bear and a centaur.

Vanquished Creatures
  A two-headed ogre (D:8)
  A troll (D:7)
  Grinder (D:5)
  A hippogriff (D:7)
  Sigmund (D:5)
  A hungry ghost (D:7)
  Menkaure (D:5)
  Purgy (Sewer)
  2 orc warriors
  3 ice beasts
  A sky beast (D:6)
  3 centaurs
  3 ogres
  2 phantoms
  A big kobold (D:7)
  2 bullfrogs (D:6)
  A wyvern zombie (D:7)
  A water moccasin zombie (D:7)
  A howler monkey (D:4)
  2 crimson imps
  A bullfrog zombie (D:6)
  4 hounds
  A jelly (D:8)
  Crazy Yiuf (D:6)
  3 centaur skeletons
  4 orc priests
  3 iguanas
  5 orc wizards
  4 worker ants
  A hound skeleton (D:7)
  2 worker ant zombies
  A gnoll (D:8)
  2 howler monkey skeletons
  5 adders
  A shadow imp (D:5)
  A worm (D:6)
  3 dart slugs
  8 leopard geckos
  21 orcs
  17 bats
  10 giant cockroaches
  2 goblins
  13 hobgoblins
  13 jackals
  6 quokkas
  3 ball pythons
  9 frilled lizards
  11 kobolds
  A leopard gecko zombie (D:6)
  A quokka zombie (D:5)
  6 rats
193 creatures vanquished.

Notes
Turn   | Place    | Note
-------+----------+-------------------------------------------
     0 | D:1      | BrokenGlass the Octopode Earth Elementalist began the quest for the Orb.
     0 | D:1      | Reached XP level 1. HP: 11/11 MP: 3/3
   197 | D:1      | Reached XP level 2. HP: 13/17 MP: 0/5
   968 | D:1      | Reached XP level 3. HP: 21/21 MP: 6/6
  1237 | D:2      | Learned a level 2 spell: Passwall
  1241 | D:2      | Learned a level 3 spell: Stone Arrow
  1567 | D:2      | Found a snail-covered altar of Cheibriados.
  1672 | D:2      | Reached skill level 4 in Earth Magic
  1672 | D:2      | Reached XP level 4. HP: 25/27 MP: 8/8
  1880 | D:2      | Found a deep blue altar of Sif Muna.
  1880 | D:2      | Found a faded altar of an unknown god.
  1891 | D:2      | Found a white marble altar of Elyvilon.
  1893 | D:2      | Found an ornate altar of the Wu Jian Council.
  1894 | D:2      | Found a faded altar of an unknown god.
  2550 | D:3      | Reached XP level 5. HP: 18/31 MP: 10/10
  2647 | D:3      | Found a glowing drain.
  2764 | Sewer    | Entered a sewer
  2845 | Sewer    | Noticed Purgy
  2861 | Sewer    | Killed Purgy
  2861 | Sewer    | Reached skill level 5 in Earth Magic
  2861 | Sewer    | Reached XP level 6. HP: 23/36 MP: 2/12
  3316 | D:3      | Learned a level 5 spell: Lee's Rapid Deconstruction
  3943 | D:4      | Reached XP level 7. HP: 38/41 MP: 3/14
  3950 | D:4      | Reached skill level 6 in Earth Magic
  4083 | D:4      | Found a sacrificial altar of Ru.
  4530 | D:4      | Reached skill level 5 in Spellcasting
  5309 | D:5      | Entered Level 5 of the Dungeon
  5642 | D:5      | Reached skill level 7 in Earth Magic
  5678 | D:5      | Noticed Sigmund
  5736 | D:5      | Killed Sigmund
  5736 | D:5      | Reached XP level 8. HP: 46/46 MP: 5/16
  6034 | D:5      | Noticed Menkaure
  6049 | D:5      | Reached skill level 8 in Earth Magic
  6207 | D:5      | Found a staircase to the Ecumenical Temple.
  6218 | D:5      | Noticed Grinder
  6230 | D:5      | Killed Grinder
  6560 | D:5      | Killed Menkaure
  6814 | D:5      | Found the +4 robe of Augmentation {Str+4 Int+4 Dex+4}
  6818 | D:5      | Found a shimmering altar of Xom.
  6941 | D:6      | Reached skill level 9 in Earth Magic
  7217 | D:6      | Found a runed door.
  7328 | D:6      | Reached XP level 9. HP: 51/51 MP: 18/18
  7520 | D:6      | Learned a level 3 spell: Regeneration
  8084 | D:6      | Noticed Crazy Yiuf
  8085 | D:6      | Killed Crazy Yiuf
  8158 | D:7      | Reached skill level 10 in Earth Magic
  8393 | D:7      | Found an opulent altar of Gozag.
  9212 | D:7      | Noticed a troll
  9215 | D:7      | Killed a troll
  9583 | D:8      | Noticed a two-headed ogre
  9598 | D:8      | Found a shadowy altar of Dithmenos.
  9599 | D:8      | Killed a two-headed ogre
  9599 | D:8      | Reached skill level 11 in Earth Magic
  9599 | D:8      | Reached XP level 10. HP: 7/56 MP: 6/22
 10550 | D:8      | HP: 1/56 [centaur/arrow (6)]
 10551 | D:8      | Shot with an arrow by a centaur

Skill      XL: |  1  2  3  4  5  6  7  8  9 10 |
---------------+-------------------------------+-----
Spellcasting   | 3 4 5 6 8 9 |  9.0
Earth Magic    | 4 5 7 9 11 | 11.5
Dodging        | |  2.0
Stealth        | |  2.6
Transmutations | |  1.0

Action                   |  1- 3 |  4- 6 |  7- 9 | 10-12 || total
-------------------------+-------+-------+-------+-------++-------
Melee: Unarmed           |    39 |       |       |       ||    39
       Constrict         |    27 |    22 |    40 |     1 ||    90
       Tentacles         |    14 |     8 |    20 |       ||    42
       Short sword       |    49 |    98 |   151 |     8 ||   306
 Cast: Sandblast         |     9 |    16 |    13 |     7 ||    45
       Stone Arrow       |       |     4 |    25 |     3 ||    32
       Lee's Rapid Decon |       |       |    35 |    10 ||    45
  Use: Scroll            |       |       |       |    12 ||    12
       Potion            |       |       |       |     1 ||     1
 Stab: Sleeping          |     9 |     9 |     7 |       ||    25
  Eat: Chunk             |     2 |     8 |    17 |     2 ||    29
       Ration            |       |       |     3 |       ||     3
Armor: Skin              |    10 |    24 |     6 |       ||    40
Dodge: Dodged            |    66 |   124 |   128 |    14 ||   332
